 Dungeon Crawl Stone Soup version 0.19.5 (webtiles) character file.

2975 Sagrath01 the Basher (level 9, 30/65 HPs)
             Began as a Demonspawn Berserker on Mar 13, 2017.
             Was an Elder of Trog.
             Quit the game on level 8 of the Dungeon.
             The game lasted 00:11:49 (6233 turns).

Sagrath01 the Basher (Demonspawn Berserker)         Turns: 6233, Time: 00:11:49

Health: 30/65      AC: 10    Str: 20    XL:     9   Next: 53%
Magic:  14/18      EV: 12    Int:  9    God:    Trog [****..]
Gold:   529        SH:  0    Dex: 13    Spells: 0 memorised, 8 levels left

rFire  . . .     SeeInvis .     x - +2 flail (venom)
rCold  . . .     Gourm    .     H - +0 scale mail
rNeg   . . .     Faith    .     (no shield)
rPois  .         Spirit   +     (no helmet)
rElec  .         Reflect  .     y - +1 cloak
rCorr  .         Harm     .     (no gloves)
MR     .....                    p - +0 pair of boots
Stlth  +.........               (no amulet)
                                F - ring of wizardry
                                k - ring of magical power

@: no status effects
A: talons 2, nightstalker 1, magic shield
a: Berserk, Trog's Hand, Brothers in Arms, Burn Spellbooks, Renounce Religion


You were on level 8 of the Dungeon.
You worshipped Trog.
Trog was greatly pleased with you.
You were not hungry.

You visited 1 branch of the dungeon, and saw 8 of its levels.

You collected 529 gold pieces.

Inventory:

Hand Weapons
 a - a +0 hand axe
 x - a +2 flail of venom (weapon)
Missiles
 e - 161 stones
 j - 147 arrows
 u - 7 tomahawks (quivered)
 v - 10 poisoned needles
Armour
 b - a +0 animal skin
 p - a +0 pair of boots (worn)
 y - a +1 cloak (worn)
 H - a +0 scale mail (worn)
Jewellery
 k - a ring of magical power (left hand)
 F - a ring of wizardry (right hand)
Wands
 G - a wand of slowing (18/48)
Scrolls
 i - a scroll of random uselessness {unknown}
 q - 8 scrolls of identify {unknown}
 r - 5 scrolls of remove curse {unknown}
 s - 2 scrolls of enchant weapon {unknown}
 t - 4 scrolls of enchant armour {unknown}
 w - 3 scrolls of teleportation {unknown}
 C - 3 scrolls of amnesia {unknown}
 E - 2 scrolls of recharging {unknown}
 M - a scroll of summoning {unknown}
 O - a scroll of noise {unknown}
Potions
 d - 2 potions of might {unknown}
 f - a potion of cancellation {unknown}
 g - 2 potions of agility {unknown}
 h - a potion of haste {unknown}
 l - a potion of ambrosia {unknown}
 n - 4 potions of degeneration {unknown}
 o - 2 potions of flight {unknown}
 z - a potion of heal wounds {unknown}
 B - a potion of curing {unknown}
 I - a potion of lignification {unknown}
 J - a potion of brilliance {unknown}
 L - a potion of berserk rage {unknown}
Books
 A - a book of Changes

   Spells                             Type                      Level
   a - Beastly Appendage              Transmutation                1
   b - Sticks to Snakes               Transmutation                2
   c - Spider Form                    Transmutation/Poison         3
   d - Ice Form                       Ice/Transmutation            4
   e - Blade Hands                    Transmutation                5
   Trog disapproves of the use of such an item.
 K - a book of Alchemy

   Spells                             Type                      Level
   a - Sublimation of Blood           Necromancy                   2
   b - Ignite Poison                  Fire/Transmutation/Poison    3
   c - Petrify                        Transmutation/Earth          4
   d - Alistair's Intoxication        Transmutation/Poison         5
   e - Irradiate                      Conjuration/Transmutation    5
   Trog disapproves of the use of such an item.
Comestibles
 c - 7 bread rations
 m - a beef jerky
 D - 3 chunks of flesh
 N - a meat ration


   Skills:
 + Level 4.2 Fighting
 - Level 4.2(7.5) Axes
 * Level 9.7(10.1) Maces & Flails
 + Level 1.0 Throwing
 + Level 3.3 Armour
 + Level 4.8 Dodging
 - Level 1.0 Stealth
 + Level 0.4 Evocations


You had 8 spell levels left.
You didn't know any spells.

Dungeon Overview and Level Annotations

Branches:
Dungeon (8/15)             Temple (0/1) D:5
   Lair: D:8-11

Altars:
Hepliaklqana
Nemelex Xobeh
Qazlal
Ru
Trog
Uskayaw
Vehumet

Shops:
D:5 }   D:6 (   D:8 =


Innate Abilities, Weirdness & Mutations

You have razor-sharp toenails.
You are slightly more attuned to the shadows.
When hurt, damage is shared between your health and your magic reserves.


Message History

You kill the centaur!
Trog accepts your kill.
No target in view!
No target in view!
No target in view!
No target in view!
No target in view!
No target in view!
No target in view!
No target in view!
No target in view!
No target in view!
No target in view!
No target in view!
No target in view!
No target in view!
j - 147 arrows (gained 16)
Things that are here:
an uncursed shortbow of freezing; a centaur corpse Are you sure you want to abandon this character and quit the game? (Confirm with "yes".)

####### #. #.....#
#.# #####.# #######
#.. ##.###.....#
#.### ##...##.....#
#...# #.....#.....#
#.#.# #....##.....#
#.@.# #.#.###.....#
#.#.###.#.#######.#
#...#......######.#
#(#.####.#........#
#.(.# #...####..##
##.### ##### #..#
#.#..## ##### #).#
#.....# ##...# #).#
#####.#####.)..###).#


There were no monsters in sight!

Vanquished Creatures
  A hungry ghost (D:7)
  Menkaure (D:4)
  Edmund (D:6)
  6 orc warriors
  2 centaurs
  6 ogres
  3 bullfrogs
  A wyvern zombie (D:7)
  A scorpion (D:4)
  A howler monkey (D:5)
  2 crimson imps
  2 bullfrog zombies
  A centaur zombie (D:5)
  A quasit (D:7)
  A hound (D:7)
  4 orc priests
  2 jellies
  5 orc wizards
  Crazy Yiuf (D:6)
  A centaur skeleton (D:6)
  2 iguanas (D:4)
  4 worker ants
  A killer bee zombie (D:7)
  A hound zombie (D:6)
  A hound skeleton (D:7)
  3 gnolls (D:6)
  5 adders
  An ooze (D:3)
  3 adder zombies
  4 worms
  3 dart slugs (D:1)
  3 leopard geckos
  34 orcs
  2 ball pythons
  6 giant cockroaches
  6 goblins
  7 hobgoblins
  3 jackals (D:2)
  2 quokkas
  8 bats
  3 frilled lizards
  4 kobolds
  2 leopard gecko skeletons
  9 rats
160 creatures vanquished.

Notes
Turn   | Place    | Note
-------+----------+-------------------------------------------
     0 | D:1      | Sagrath01 the Demonspawn Berserker began the quest for the Orb.
     0 | D:1      | Reached XP level 1. HP: 18/18 MP: 1/1
   283 | D:1      | Gained mutation: You have sharp toenails. [demonic ancestry]
   283 | D:1      | Reached XP level 2. HP: 22/24 MP: 2/2
   822 | D:2      | Reached XP level 3. HP: 29/29 MP: 3/3
   941 | D:2      | Reached ** piety under Trog
   967 | D:2      | Found a sacrificial altar of Ru.
  1684 | D:3      | Reached skill level 1 in Stealth
  1684 | D:3      | Gained mutation: When hurt, damage is shared between your health and your magic reserves. [demonic ancestry]
  1684 | D:3      | Reached XP level 4. HP: 32/35 MP: 4/4
  1767 | D:3      | Reached skill level 1 in Maces & Flails
  2108 | D:3      | Reached XP level 5. HP: 41/41 MP: 5/5
  2692 | D:4      | Noticed an ogre
  2699 | D:4      | Killed an ogre
  2699 | D:4      | Reached skill level 2 in Maces & Flails
  2710 | D:4      | Reached skill level 3 in Maces & Flails
  2710 | D:4      | Gained mutation: You have razor-sharp toenails. [demonic ancestry]
  2710 | D:4      | Reached XP level 6. HP: 46/47 MP: 6/6
  2844 | D:4      | Found a faded altar of an unknown god.
  2844 | D:4      | Found a stormy altar of Qazlal.
  2851 | D:4      | Found a faded altar of an unknown god.
  2853 | D:4      | Found a bloodstained altar of Trog.
  2855 | D:4      | Found a faded altar of an unknown god.
  3048 | D:4      | Noticed Menkaure
  3054 | D:4      | Killed Menkaure
  3054 | D:4      | Reached skill level 4 in Maces & Flails
  3153 | D:4      | Reached XP level 7. HP: 42/52 MP: 7/7
  3178 | D:4      | Reached *** piety under Trog
  3178 | D:4      | Reached skill level 5 in Maces & Flails
  3336 | D:5      | Entered Level 5 of the Dungeon
  3336 | D:5      | Found a radiant altar of Vehumet.
  3421 | D:5      | Reached skill level 6 in Maces & Flails
  3424 | D:5      | Found a hazy altar of Hepliaklqana.
  3461 | D:5      | Found Banem's Quality Used Wands.
  3749 | D:5      | Found a staircase to the Ecumenical Temple.
  3915 | D:6      | Gained mutation: You are slightly more attuned to the shadows. [demonic ancestry]
  3915 | D:6      | Reached XP level 8. HP: 40/58 MP: 8/8
  4147 | D:6      | Reached skill level 7 in Maces & Flails
  4151 | D:6      | Noticed Edmund
  4159 | D:6      | Killed Edmund
  4194 | D:6      | Found Nexziss's Antique Weapon Emporium.
  4262 | D:6      | Found a sparkling altar of Nemelex Xobeh.
  4262 | D:6      | Found a hide-covered altar of Uskayaw.
  4306 | D:6      | Found a runed door.
  4310 | D:6      | Noticed Crazy Yiuf
  4318 | D:6      | Killed Crazy Yiuf
  4567 | D:7      | Reached skill level 8 in Maces & Flails
  4660 | D:7      | Reached skill level 1 in Throwing
  5011 | D:7      | Reached XP level 9. HP: 8/64 MP: 3/9
  5550 | D:7      | Reached skill level 9 in Maces & Flails
  5734 | D:8      | Reached **** piety under Trog
  5820 | D:8      | Found Resuethro's Jewellery Boutique.
  6233 | D:8      | Quit the game

Skill      XL: |  1  2  3  4  5  6  7  8  9 |
---------------+----------------------------+-----
Axes           | 3 4 |  4.2
Armour         | 2 3 |  3.3
Dodging        | 2 3 4 |  4.8
Stealth        | 1 |  1.0
Maces & Flails | 1 3 4 6 8 9 |  9.7
Throwing       | 1 |  1.0
Fighting       | 4 |  4.2
Evocations     | |  0.4

Action                   |  1- 3 |  4- 6 |  7- 9 || total
-------------------------+-------+-------+-------++-------
Melee: Hand axe          |   128 |       |       ||   128
       Kick              |    13 |       |       ||    13
       Flail             |       |    94 |   330 ||   424
Throw: Tomahawk          |     2 |     2 |    11 ||    15
       Stone             |     1 |       |       ||     1
Invok: Berserk           |     1 |       |     7 ||     8
Evoke: Wand              |       |       |     1 ||     1
 Stab: Sleeping          |       |     2 |     2 ||     4
  Eat: Chunk             |     3 |     5 |    18 ||    26
       Fruit             |       |       |     1 ||     1
       Beef jerky        |       |       |     1 ||     1
Armor: Animal skin       |    35 |    11 |    14 ||    60
       Scale mail        |       |       |    93 ||    93
Dodge: Dodged            |    90 |    59 |   175 ||   324
